 Dungeon Crawl Stone Soup version 0.30-a0-591-g3c58d2bc28 (webtiles) character file.

Game seed: 7785626916495278844

154 Decipherer the Cudgeller (level 5, -7/70 HPs)
             Began as a Minotaur Berserker on Jan 6, 2023.
             Was a Believer of Trog.
             Mangled by Azuvok's ghost (13 damage)
             ... on level 3 of the Dungeon.
             The game lasted 00:01:41 (1840 turns).

Decipherer the Cudgeller (Minotaur Berserker)       Turns: 1840, Time: 00:01:41

Health: -7/70      AC:  7    Str: 23    XL:     5   Next: 13%
Magic:  4/4        EV: 10    Int:  4    God:    Trog [**....]
Gold:   182        SH:  0    Dex: 10    Spells: 4/4 levels left

rFire   . . .      SeeInvis .    a - +0 mace
rCold   . . .      Faith    .    (no shield)
rNeg    . . .      Spirit   .    j - +0 scale mail
rPois   +          Reflect  .    (helmet restricted)
rElec   .          Harm     .    (no cloak)
rCorr   .          Rampage  .    g - +0 pair of gloves
Will    .....                    (no boots) Stlth
                                 (no amulet)
HPRegen 0.31/turn                k - ring of poison resistance
MPRegen 0.09/turn                (no ring)

@: berserking, very quick
A: horns 2, retaliatory headbutt
a: Renounce Religion, Berserk, Trog's Hand


You were on level 3 of the Dungeon.
You worshipped Trog.
Trog was pleased with you.
You visited 1 branch of the dungeon, and saw 3 of its levels.

You collected 182 gold pieces.

Inventory:

Hand Weapons
 a - a +0 mace (weapon)
 p - the +6 mace "Hycilush" {protect, rPois}
   (You found it on level 3 of the Dungeon)

   rPois:     It protects you from poison.
Missiles
 s - 5 poisoned darts
Armour
 g - a +0 pair of gloves (worn)
 j - a +0 scale mail (worn)
 l - the +2 scale mail of the Exiled Wonders {rN++ Will-}
   (You found it on level 2 of the Dungeon)

   rN:        It greatly protects you from negative energy.
   Will:      It decreases your willpower.
 m - a +0 cloak
Jewellery
 k - a ring of poison resistance (left hand)
 o - the ring of Duna Pipi {rC+ Slay+3 SInv}
   (You found it on level 3 of the Dungeon)

   [ring of protection from cold]

   Slay:      It affects your accuracy & damage with ranged weapons and melee
   (+3).
   rC:        It protects you from cold.
   SInv:      It lets you see invisible.
Scrolls
 d - a scroll of blinking {unknown}
 f - a scroll of magic mapping {unknown}
 i - 5 scrolls of identify {unknown}
 n - a scroll of teleportation {unknown}
 r - a scroll of enchant weapon {unknown}
 t - a scroll of vulnerability {unknown}
Potions
 b - 3 potions of mutation {unknown}
 c - a potion of curing {unknown}
 e - 2 potions of heal wounds {unknown}
 h - a potion of magic {unknown}
 q - a potion of invisibility {unknown}


   Skills:
 + Level 4.8 Fighting
 + Level 5.4 Maces & Flails
 + Level 3.1 Armour
 + Level 2.9 Dodging
 + Level 0.5 Stealth


You had 4 spell levels left.
You didn't know any spells.
Your spell library contained the following spells:

 Spells                   Type           Power      Damage    Failure   Level
 Gell's Gravitas          Tloc           0%         N/A       99%         3
 Lesser Beckoning         Tloc           0%         N/A       99%         3
 Teleport Other           Tloc           0%         N/A       99%         3
 Yara's Violent Unravell  Hex/Tmut       0%         3d3       100%        5
 Enfeeble                 Hex            0%         N/A       100%        7


Dungeon Overview and Level Annotations

Branches:
Dungeon (3/15)

Altars:
Cheibriados

Annotations:
D:3 Azuvok's ghost, amateur MiFi


Innate Abilities, Weirdness & Mutations

You have a pair of horns on your head.
You reflexively headbutt those who attack you in melee.


Message History

You open the door.
You hit Azuvok's ghost but do no damage.
Azuvok's ghost says, "I'll split you in two!"
Azuvok's ghost barely misses you. You furiously retaliate!
You headbutt Azuvok's ghost. You hit Azuvok's ghost.
Azuvok's ghost is moderately damaged.
Azuvok's ghost hits you!
You hit Azuvok's ghost.
Azuvok's ghost is moderately damaged.
Azuvok's ghost barely misses you. You furiously retaliate!
You headbutt Azuvok's ghost.
You hit Azuvok's ghost but do no damage.
Azuvok's ghost is moderately damaged.
Azuvok's ghost hits you but does no damage.
You hit Azuvok's ghost but do no damage.
Azuvok's ghost is moderately damaged.
Azuvok's ghost says, "Try not to bleed too much."
Azuvok's ghost hits you but does no damage.
You closely miss Azuvok's ghost. Your headbutt misses Azuvok's ghost.
Azuvok's ghost is moderately damaged.
Azuvok's ghost hits you!
You hit Azuvok's ghost. Your headbutt misses Azuvok's ghost.
Azuvok's ghost is moderately damaged.
Azuvok's ghost barely misses you.
You hit Azuvok's ghost. You headbutt Azuvok's ghost!
Azuvok's ghost is severely damaged.
Azuvok's ghost barely misses you. You furiously retaliate!
You headbutt Azuvok's ghost! Azuvok's ghost barely misses you.
You hit Azuvok's ghost but do no damage.
Your headbutt misses Azuvok's ghost.
Azuvok's ghost is almost destroyed.
Azuvok's ghost closely misses you.
You hit Azuvok's ghost but do no damage.
Azuvok's ghost is almost destroyed.
Azuvok's ghost hits you!
* * * LOW HITPOINT WARNING * * *
A red film seems to cover your vision as you go berserk!
You feel yourself moving faster!
You feel mighty! Azuvok's ghost hits you!
You die...

###...##⌠##.....#
#....##...##....#
#...##.....##...#
#...#⌠.!♣?.⌠#...#
#...##.....##...#########
#....##...##...#.........
#.....##.##...#..........
#......#W#...............
####.))....@...#.######.###.
#.....>.......##.# ##...###.
##.#####..........###.....#..
#..# ##.########.##.........
#.#####..## ####...........#.
#.# #.....# #..............#.
#.# #.....# #................
#.###.....###..............##
#....................[.......


You could see Azuvok's ghost.

Vanquished Creatures
  An iron imp (D:3)
  An orc wizard (D:3)
  3 adders (D:3)
  A worm (D:3)
  2 dart slugs
  4 orcs (D:3)
  11 ball pythons
  4 endoplasms
  3 giant cockroaches
  9 hobgoblins
  3 quokkas
  4 bats
  2 frilled lizards
  2 goblins
  10 kobolds
  2 rats (D:1)
62 creatures vanquished.

Notes
Turn   | Place    | Note
-------+----------+-------------------------------------------
     0 | D:1      | Decipherer the Minotaur Berserker began the quest for the
                  | Orb.
     0 | D:1      | Reached XP level 1. HP: 19/19 MP: 0/0
   174 | D:1      | Reached XP level 2. HP: 27/27 MP: 1/1
   193 | D:1      | Reached skill level 4 in Maces & Flails
   356 | D:1      | Reached ** piety under Trog
   420 | D:1      | Reached XP level 3. HP: 33/33 MP: 2/2
  1022 | D:2      | Identified the +2 scale mail of the Exiled Wonders {rN++
                  | Will-}
  1268 | D:3      | Reached XP level 4. HP: 37/41 MP: 3/3
  1376 | D:3      | Identified the ring of Duna Pipi {rC+ Slay+3 SInv}
  1403 | D:3      | Identified the +6 mace "Hycilush" {protect, rPois}
  1440 | D:3      | Found a snail-covered altar of Cheibriados.
  1451 | D:3      | Reached skill level 5 in Maces & Flails
  1498 | D:3      | Found a runed translucent door.
  1498 | D:3      | Noticed Azuvok's ghost (amateur MiFi)
  1572 | D:3      | Reached XP level 5. HP: 47/47 MP: 4/4
  1710 | D:3      | Found a faded altar of an unknown god.
  1840 | D:3      | Mangled by Azuvok's ghost

Illustrated notes

Levels and vault maps discovered:
D:1:      tarquinn_simple_flora_water_e, layout_loops_ring
D:2:      layout_basic, amcnicky_mini_pool_small
D:3:      layout_rooms, slow_altar_1, nicolae_ecumenical_snake_handling,
          hellmonk_ghost_happy_afterlife

Skill      XL: |  1  2  3  4 |
---------------+-------------+-----
Fighting       | 4 |  4.8
Maces & Flails | 4 5 |  5.4
Armour         | 3 |  3.1
Dodging        | |  2.9
Stealth        | |  0.5

Action                   |  1- 3 |  4- 6 || total
-------------------------+-------+-------++-------
Melee: Mace              |    74 |    52 ||   126
       Headbutt          |    10 |     7 ||    17
Invok: Berserk           |       |     1 ||     1
Armor: Animal skin       |     9 |       ||     9
       Scale mail        |    14 |    12 ||    26
Dodge: Dodged            |    46 |    28 ||    74

Table legend: (Time is in decaauts)
 A = Elapsed time spent in this place.
 B = Non-inter-level travel time spent in this place.
 C = Inter-level travel time spent in this place.
 D = Time resting spent in this place.
 E = Time spent auto-exploring this place.
 F = Levels seen in this place.
 G = Mean time per level.
                   A        B        C        D        E       F      G
               +--------+--------+--------+--------+--------+-----+--------+
         Total |   1860 |   1780 |     80 |      0 |   1428 |   3 |  620.0 |
       Dungeon |   1860 |   1780 |     80 |      0 |   1428 |   3 |  620.0 |
               +--------+--------+--------+--------+--------+-----+--------+

Top non-repeatable levels by time:
     D:1: 815 daAuts
     D:3: 603 daAuts
     D:2: 442 daAuts
